| TOP OF THE 1ST |
|
Omaha Storm Chasers batting - Pitching for Rochester Red Wings : RHP Brian Bright
|
|
Pitching: RHP Brian Bright
|
|
|
Batting: RHB Yuichi Takata
|
0-0: Called Strike 0-1: Ball 1-1: Foul Ball, location: 2F 1-2: Foul Ball, location: 2F 1-2: Ground out 3-1 (Groundball, 34S, EV 68.8 MPH)
|
|
Batting: RHB Adam Martin
|
0-0: Ball 1-0: Ball 2-0: SINGLE (Groundball, 56D, EV 96.2 MPH)
|
|
Batting: RHB Kazuki Arai
|
0-0: Ball 1-0: Swinging Strike 1-1: Ball 2-1: Swinging Strike 2-2: Strikes out looking
|
|
Batting: RHB Kevin Wimberly
|
0-0: Ball 1-0: Called Strike 1-1: Foul Ball, location: 2F 1-2: Foul Ball, location: 2F 1-2: Ground out 4-3 (Groundball, 13, EV 80.6 MPH)
|
| Top of the 1st over - 0 runs, 1 hit, 0 errors, 1 left on base; Omaha 0 - Rochester 0 |
| BOTTOM OF THE 1ST |
|
Rochester Red Wings batting - Pitching for Omaha Storm Chasers : LHP Tyler Abraham
|
|
Pitching: LHP Tyler Abraham
|
|
|
Batting: RHB Cyril Husson
|
0-0: Called Strike 0-1: Foul Ball, location: 2F 0-2: Ball 1-2: Ball 2-2: Foul Ball, location: 2F 2-2: Ball 3-2: Fly out, F2 (Popup, 5SF, EV 83.1 MPH)
|
|
Batting: SHB Manny Molina
|
0-0: Foul Ball, location: 2F 0-1: Foul Ball, location: 2F 0-2: Ball 1-2: Foul Ball, location: 2F 1-2: SINGLE (Line Drive, 89S, EV 91.2 MPH)
|
|
Batting: RHB Leo Gonzalez
|
0-0: Called Strike 0-1: Ball 1-1: Called Strike 1-2: Strikes out looking
|
|
Batting: RHB Colin Boddy
|
0-0: Called Strike Manny Molina steals 2nd base (no throw) 0-1: Swinging Strike 0-2: Strikes out swinging
|
| Bottom of the 1st over - 0 runs, 1 hit, 0 errors, 1 left on base; Omaha 0 - Rochester 0 |
| TOP OF THE 2ND |
|
Omaha Storm Chasers batting - Pitching for Rochester Red Wings : RHP Brian Bright
|
|
Batting: RHB Ken Postlethwaite
|
0-0: Called Strike 0-1: Ball 1-1: Swinging Strike 1-2: Ball 2-2: DOUBLE (Groundball, 5L, EV 102.5 MPH)
|
|
Batting: RHB Taisei Fujii
|
0-0: Ground out 6-3 (Groundball, 6M, EV 108.1 MPH) Ken Postlethwaite to third
|
|
Batting: SHB Arturo Baez
|
0-0: Called Strike 0-1: Swinging Strike 0-2: Ground out 6-3 (Groundball, 6M, EV 106.2 MPH) Ken Postlethwaite scores
|
|
Batting: RHB Chad Sullivan
|
0-0: Called Strike 0-1: Fly out, F5 (Popup, 25F, EV 89.4 MPH)
|
| Top of the 2nd over - 1 run, 1 hit, 0 errors, 0 left on base; Omaha 1 - Rochester 0 |
| BOTTOM OF THE 2ND |
|
Rochester Red Wings batting - Pitching for Omaha Storm Chasers : LHP Tyler Abraham
|
|
Batting: LHB Jon Ventura
|
0-0: Fly out, F8 (Flyball, 8RM, EV 92.5 MPH)
|
|
Batting: LHB Chaim Huting
|
0-0: Swinging Strike 0-1: Foul Ball, location: 2F 0-2: Strikes out swinging
|
|
Batting: RHB Jason Gee
|
0-0: Ground out 6-3 (Groundball, 6, EV 82.5 MPH)
|
| Bottom of the 2nd over - 0 runs, 0 hits, 0 errors, 0 left on base; Omaha 1 - Rochester 0 |
| TOP OF THE 3RD |
|
Omaha Storm Chasers batting - Pitching for Rochester Red Wings : RHP Brian Bright
|
|
Batting: RHB Jason Birge
|
0-0: Called Strike 0-1: Hit by Pitch
|
|
Batting: RHB Yuichi Takata
|
0-0: Fly out, F8 (Flyball, 8LS, EV 76.9 MPH)
|
|
Batting: RHB Adam Martin
|
0-0: Called Strike 0-1: Ball 1-1: Foul Ball, location: 2F 1-2: Ball 2-2: Ball 3-2: Base on Balls Jason Birge to second
|
|
Batting: RHB Kazuki Arai
|
0-0: Ball 1-0: Ball 2-0: Called Strike 2-1: Fly out, F8 (Flyball, 89S, EV 80.0 MPH)
|
|
Batting: RHB Kevin Wimberly
|
0-0: Foul Ball, location: 2F 0-1: Swinging Strike 0-2: Ball 1-2: Strikes out looking
|
| Top of the 3rd over - 0 runs, 0 hits, 0 errors, 2 left on base; Omaha 1 - Rochester 0 |
| BOTTOM OF THE 3RD |
|
Rochester Red Wings batting - Pitching for Omaha Storm Chasers : LHP Tyler Abraham
|
|
Batting: RHB Ryan Gautney
|
0-0: Ball 1-0: SINGLE (Groundball, 56D, EV 100.6 MPH)
|
|
Batting: LHB Tyler Allen
|
0-0: Ball 1-0: Foul Ball, location: 2F 1-1: Foul Ball, location: 2F 1-2: Ball 2-2: Grounds into double play, 4-6-3 (Groundball, 34, EV 87.5 MPH)
|
|
Batting: RHB Cyril Husson
|
0-0: Ball 1-0: Foul Ball, location: 2F 1-1: Called Strike 1-2: Strikes out swinging
|
| Bottom of the 3rd over - 0 runs, 1 hit, 0 errors, 0 left on base; Omaha 1 - Rochester 0 |
| TOP OF THE 4TH |
|
Omaha Storm Chasers batting - Pitching for Rochester Red Wings : RHP Brian Bright
|
|
Batting: RHB Ken Postlethwaite
|
0-0: Foul Ball, location: 2F 0-1: Ball 1-1: Ball 2-1: DOUBLE (Flyball, 78D, EV 114.4 MPH)
|
|
Batting: RHB Taisei Fujii
|
0-0: Called Strike 0-1: Ground out 4-3 (Groundball, 4M, EV 101.9 MPH) Ken Postlethwaite to third
|
|
Batting: SHB Arturo Baez
|
0-0: Ball 1-0: Ball 2-0: Foul Ball, location: 2F 2-1: Ball 3-1: Ground out 5-3 (Groundball, 56, EV 100.6 MPH) Ken Postlethwaite scores
|
|
Batting: RHB Chad Sullivan
|
0-0: Ground out 2-3 (Groundball, 2R, EV 75.0 MPH)
|
| Top of the 4th over - 1 run, 1 hit, 0 errors, 0 left on base; Omaha 2 - Rochester 0 |
| BOTTOM OF THE 4TH |
|
Rochester Red Wings batting - Pitching for Omaha Storm Chasers : LHP Tyler Abraham
|
|
Batting: SHB Manny Molina
|
0-0: SINGLE (Line Drive, 78S, EV 105.6 MPH)
|
|
Batting: RHB Leo Gonzalez
|
0-0: Called Strike Manny Molina is caught stealing 2nd base 2-4 0-1: Ball 1-1: Foul Ball, location: 2F 1-2: Foul Ball, location: 2F 1-2: Ball 2-2: Ground out 6-3 (Groundball, 6M, EV 80.6 MPH)
|
|
Batting: RHB Colin Boddy
|
0-0: Ball 1-0: Called Strike 1-1: Ball 2-1: Ball 3-1: Ground out 4-3 (Groundball, 4M, EV 101.2 MPH)
|
| Bottom of the 4th over - 0 runs, 1 hit, 0 errors, 0 left on base; Omaha 2 - Rochester 0 |
| TOP OF THE 5TH |
|
Omaha Storm Chasers batting - Pitching for Rochester Red Wings : RHP Brian Bright
|
|
Batting: RHB Jason Birge
|
0-0: Ground out 5-3 (Groundball, 56, EV 110.0 MPH)
|
|
Batting: RHB Yuichi Takata
|
0-0: Ball 1-0: Ball 2-0: Foul Ball, location: 2F 2-1: Ball 3-1: Fly out, F7 (Flyball, 7D, EV 93.1 MPH)
|
|
Batting: RHB Adam Martin
|
0-0: Called Strike 0-1: Foul Ball, location: 2F 0-2: Strikes out swinging
|
| Top of the 5th over - 0 runs, 0 hits, 0 errors, 0 left on base; Omaha 2 - Rochester 0 |
| BOTTOM OF THE 5TH |
|
Rochester Red Wings batting - Pitching for Omaha Storm Chasers : LHP Tyler Abraham
|
|
Batting: LHB Jon Ventura
|
0-0: Ball 1-0: Foul Ball, location: 2F 1-1: Swinging Strike 1-2: Foul Ball, location: 2F 1-2: Strikes out swinging
|
|
Batting: LHB Chaim Huting
|
0-0: Swinging Strike 0-1: Ball 1-1: Ground out 1-3 (Groundball, 13S, EV 73.1 MPH)
|
|
Batting: RHB Jason Gee
|
0-0: Swinging Strike 0-1: Ball 1-1: Ball 2-1: Ground out 6-3 (Groundball, 6, EV 105.0 MPH)
|
| Bottom of the 5th over - 0 runs, 0 hits, 0 errors, 0 left on base; Omaha 2 - Rochester 0 |
| TOP OF THE 6TH |
|
Omaha Storm Chasers batting - Pitching for Rochester Red Wings : RHP Brian Bright
|
|
Batting: RHB Kazuki Arai
|
0-0: Ball 1-0: Swinging Strike 1-1: Ground out U3 (Groundball, 34S, EV 77.5 MPH)
|
|
Batting: RHB Kevin Wimberly
|
0-0: Called Strike 0-1: Ball 1-1: Called Strike 1-2: Ball 2-2: SINGLE (Groundball, 34D, EV 98.8 MPH)
|
|
Batting: RHB Ken Postlethwaite
|
0-0: 2-RUN HOME RUN (Flyball, 78XD, EV 115.6 MPH), Distance : 437 ft
|
|
Batting: RHB Taisei Fujii
|
0-0: Called Strike 0-1: Ball 1-1: Ball 2-1: Ball 3-1: Foul Ball, location: 2F 3-2: Foul Ball, location: 2F 3-2: Fly out, F5 (Popup, 25F, EV 81.9 MPH)
|
|
Batting: SHB Arturo Baez
|
0-0: Foul Ball, location: 2F 0-1: Ground out 6-3 (Groundball, 6, EV 90.6 MPH)
|
| Top of the 6th over - 2 runs, 2 hits, 0 errors, 0 left on base; Omaha 4 - Rochester 0 |
| BOTTOM OF THE 6TH |
|
Rochester Red Wings batting - Pitching for Omaha Storm Chasers : LHP Tyler Abraham
|
|
Batting: RHB Ryan Gautney
|
0-0: Ball 1-0: Foul Ball, location: 2F 1-1: Ball 2-1: Ball 3-1: Called Strike 3-2: Foul Ball, location: 2F 3-2: Base on Balls
|
|
Batting: LHB Tyler Allen
|
0-0: Called Strike 0-1: Foul Ball, location: 2F 0-2: Strikes out swinging
|
|
Batting: RHB Cyril Husson
|
0-0: Ball 1-0: Called Strike 1-1: Ball 2-1: Foul Ball, location: 2F 2-2: Ball 3-2: Base on Balls Ryan Gautney to second
|
|
Batting: SHB Manny Molina
|
0-0: Ball 1-0: Ball 2-0: Ball 3-0: Base on Balls Ryan Gautney to third Cyril Husson to second
|
|
Batting: RHB Leo Gonzalez
|
0-0: Ball 1-0: Called Strike 1-1: Called Strike 1-2: Ball 2-2: Foul Ball, location: 2F 2-2: Grounds into double play, 4-6-3 (Groundball, 4S, EV 87.5 MPH)
|
| Bottom of the 6th over - 0 runs, 0 hits, 0 errors, 2 left on base; Omaha 4 - Rochester 0 |
| TOP OF THE 7TH |
|
Omaha Storm Chasers batting - Pitching for Rochester Red Wings : RHP Brian Bright
|
|
Batting: RHB Chad Sullivan
|
0-0: Called Strike 0-1: Foul Ball, location: 2F 0-2: Ball 1-2: Ball 2-2: Ball 3-2: Foul Ball, location: 2F 3-2: Ground out 6-3 (Groundball, 6, EV 105.6 MPH)
|
|
Batting: RHB Jason Birge
|
0-0: Foul Ball, location: 2F 0-1: Ball 1-1: Called Strike 1-2: SINGLE (Flyball, 34D, EV 85.0 MPH)
|
|
Batting: RHB Yuichi Takata
|
0-0: Ball 1-0: Ball 2-0: Ball 3-0: Called Strike 3-1: Base on Balls Jason Birge to second
|
|
Pitching: LHP Josh Gunderson
|
|
|
Batting: RHB Adam Martin
|
0-0: Ball 1-0: Foul Ball, location: 2F 1-1: Ball 2-1: SINGLE (Line Drive, 78S, EV 104.4 MPH) Jason Birge to third Yuichi Takata to second Runner from 3rd tries for Home, SAFE, throw by LF to home
|
|
Batting: RHB Kazuki Arai
|
0-0: Ball 1-0: Foul Ball, location: 2F 1-1: Called Strike Yuichi Takata steals 3rd base Adam Martin to second 1-2: Foul Ball, location: 2F 1-2: Fly out, F9 (Line Drive, 9, EV 89.4 MPH) Runner from 3rd tags up, SCORES, throw by RF Adam Martin to third
|
|
Batting: RHB Kevin Wimberly
|
0-0: Ball 1-0: Ball 2-0: Ball 3-0: Base on Balls
|
|
Batting: RHB Ken Postlethwaite
|
0-0: Ball 1-0: Ball 2-0: Foul Ball, location: 2F 2-1: Ball 3-1: Called Strike 3-2: Foul Ball, location: 2F 3-2: Ground out 5-3 (Groundball, 56, EV 83.8 MPH)
|
| Top of the 7th over - 2 runs, 2 hits, 0 errors, 2 left on base; Omaha 6 - Rochester 0 |
| BOTTOM OF THE 7TH |
|
Rochester Red Wings batting - Pitching for Omaha Storm Chasers : LHP Tyler Abraham
|
|
Batting: RHB Colin Boddy
|
0-0: Called Strike 0-1: SINGLE (Line Drive, 9LS, EV 101.9 MPH)
|
|
Batting: LHB Jon Ventura
|
0-0: Called Strike 0-1: Foul Ball, location: 2F 0-2: Ball 1-2: Foul Ball, location: 2F 1-2: Foul Ball, location: 2F 1-2: Ball 2-2: Fly out, F9 (Flyball, 9, EV 85.0 MPH)
|
|
Pitching: RHP Junsuke Abe
|
|
|
Batting: LHB Chaim Huting
|
0-0: Ball 1-0: SINGLE (Line Drive, 6M, EV 105.0 MPH) Colin Boddy to second
|
|
Batting: RHB Jason Gee
|
0-0: Foul Ball, location: 2F 0-1: Swinging Strike 0-2: Ball 1-2: Fielders Choice at 3rd, U5 (Groundball, 5L, EV 83.1 MPH) Chaim Huting to second
|
|
Batting: RHB Ryan Gautney
|
0-0: Called Strike 0-1: Ball 1-1: Foul Ball, location: 2F 1-2: Ball 2-2: Foul Ball, location: 2F 2-2: Ball 3-2: Base on Balls Chaim Huting to third Jason Gee to second
|
|
Batting: LHB Tyler Allen
|
0-0: Called Strike 0-1: Ball 1-1: Ball 2-1: Foul Ball, location: 2F 2-2: Reached on error, E6 (Groundball, 6, EV 105.0 MPH) Chaim Huting scores Jason Gee to third Ryan Gautney to second
|
|
Batting: RHB Cyril Husson
|
0-0: Ball 1-0: SINGLE (Groundball, 4M, EV 81.2 MPH) (infield hit) Jason Gee scores Ryan Gautney to third Tyler Allen to second
|
|
Pitching: RHP Malachi Shelton
|
|
|
Batting: SHB Manny Molina
|
0-0: Ball 1-0: Called Strike 1-1: Called Strike 1-2: Ball 2-2: Strikes out swinging
|
| Bottom of the 7th over - 2 runs, 3 hits, 1 error, 3 left on base; Omaha 6 - Rochester 2 |
| TOP OF THE 8TH |
|
Omaha Storm Chasers batting - Pitching for Rochester Red Wings : LHP Josh Gunderson
|
|
Batting: RHB Taisei Fujii
|
0-0: Called Strike 0-1: Ball 1-1: Ball 2-1: Foul Ball, location: 2F 2-2: SINGLE (Groundball, 6MD, EV 99.4 MPH)
|
|
Batting: SHB Arturo Baez
|
0-0: Bunt missed! 0-1: Sac Bunt to 5S - play at first, batter OUT! 5-3 Taisei Fujii to second
|
|
Batting: RHB Chad Sullivan
|
0-0: Ball 1-0: Ball 2-0: Foul Ball, location: 2F 2-1: Swinging Strike 2-2: Foul Ball, location: 2F 2-2: Strikes out swinging
|
|
Batting: RHB Jason Birge
|
0-0: Called Strike 0-1: Called Strike 0-2: Ball 1-2: Strikes out swinging
|
| Top of the 8th over - 0 runs, 1 hit, 0 errors, 1 left on base; Omaha 6 - Rochester 2 |
| BOTTOM OF THE 8TH |
|
Rochester Red Wings batting - Pitching for Omaha Storm Chasers : RHP Malachi Shelton
|
|
Batting: RHB Leo Gonzalez
|
0-0: Ball 1-0: Called Strike 1-1: Called Strike 1-2: SINGLE (Line Drive, 8LS, EV 106.9 MPH)
|
|
Batting: RHB Colin Boddy
|
0-0: Ball 1-0: Ball 2-0: Foul Ball, location: 2F 2-1: Ball 3-1: DOUBLE (Line Drive, 89D, EV 113.8 MPH) Leo Gonzalez to third
|
|
Batting: LHB Jon Ventura
|
0-0: Foul Ball, location: 2F 0-1: Foul Ball, location: 2F 0-2: Ball 1-2: Ball 2-2: Ball 3-2: Base on Balls
|
|
Batting: LHB Chaim Huting
|
0-0: Foul Ball, location: 2F 0-1: Fielders Choice at 2nd, 5-4 (Groundball, 56, EV 103.1 MPH) Leo Gonzalez scores Colin Boddy to third
|
|
Pinch Hitting: SHB Ian Thompson
|
0-0: Called Strike 0-1: Called Strike 0-2: Ball 1-2: Strikes out swinging
|
|
Batting: RHB Ryan Gautney
|
0-0: Ground out 2-3 (Groundball, 2L, EV 76.9 MPH)
|
| Bottom of the 8th over - 1 run, 2 hits, 0 errors, 2 left on base; Omaha 6 - Rochester 3 |
| TOP OF THE 9TH |
|
Omaha Storm Chasers batting - Pitching for Rochester Red Wings : LHP Josh Gunderson
|
|
Pitching: RHP Alex Rushton
|
|
|
Now at SS: Dan Grable
|
|
|
Batting: RHB Yuichi Takata
|
0-0: Fly out, F7 (Flyball, 78M, EV 78.1 MPH)
|
|
Batting: RHB Adam Martin
|
0-0: Ball 1-0: Foul Ball, location: 2F 1-1: Ball 2-1: Called Strike 2-2: Foul Ball, location: 2F 2-2: Ball 3-2: Strikes out swinging
|
|
Batting: RHB Kazuki Arai
|
0-0: Ball 1-0: Ball 2-0: Called Strike 2-1: Foul Ball, location: 2F 2-2: Foul Ball, location: 2F 2-2: Ball 3-2: Base on Balls
|
|
Batting: RHB Kevin Wimberly
|
0-0: Ball Kazuki Arai steals 2nd base 1-0: Ball 2-0: Ball 3-0: Base on Balls
|
|
Batting: RHB Ken Postlethwaite
|
0-0: Ball 1-0: Called Strike 1-1: Swinging Strike 1-2: Ball 2-2: Ball 3-2: Foul Ball, location: 2F 3-2: Foul Ball, location: 2F 3-2: Base on Balls Kazuki Arai to third Kevin Wimberly to second
|
|
Batting: RHB Taisei Fujii
|
0-0: Called Strike 0-1: Foul Ball, location: 2F 0-2: Ball Passed Ball! Kazuki Arai scores Kevin Wimberly to third Ken Postlethwaite to second 1-2: Fly out, F8 (Line Drive, 8RM, EV 95.0 MPH)
|
| Top of the 9th over - 1 run, 0 hits, 0 errors, 2 left on base; Omaha 7 - Rochester 3 |
| BOTTOM OF THE 9TH |
|
Rochester Red Wings batting - Pitching for Omaha Storm Chasers : RHP Malachi Shelton
|
|
Pitching: RHP Philip Terrell
|
|
|
Batting: LHB Tyler Allen
|
0-0: Ball 1-0: Fly out, F7 (Line Drive, 7, EV 95.0 MPH)
|
|
Batting: RHB Cyril Husson
|
0-0: Called Strike 0-1: Ball 1-1: Ball 2-1: Ball 3-1: Foul Ball, location: 2F 3-2: Fly out, F9 (Flyball, 89M, EV 94.4 MPH)
|
|
Batting: SHB Manny Molina
|
0-0: Called Strike 0-1: Swinging Strike 0-2: Ball 1-2: Strikes out swinging
|
| Bottom of the 9th over - 0 runs, 0 hits, 0 errors, 0 left on base; Omaha 7 - Rochester 3 |
|